 Dungeon Crawl Stone Soup version 0.21-a0-47-g7c8f537 (webtiles) character file.

60 Duffy the Magician (level 3, -2/19 HPs)
             Began as a Deep Elf Fire Elementalist on June 8, 2017.
             Slain by an adder (5 damage)
             ... on level 2 of the Dungeon.
             The game lasted 00:02:02 (1574 turns).

Duffy the Magician (Deep Elf Fire Elementalist)     Turns: 1574, Time: 00:02:03

Health: -2/19      AC:  2    Str:  5    XL:     3   Next: 80%
Magic:  9/10       EV: 13    Int: 20    God:
Gold:   58         SH:  0    Dex: 15    Spells: 6/10 levels left

rFire    . . .     SeeInvis .   i - +0 dagger
rCold    . . .     Gourm    .   (no shield)
rNeg     . . .     Faith    .   a - +0 robe
rPois    +         Spirit   .   (no helmet)
rElec    .         Reflect  .   (no cloak)
rCorr    .         Harm     .   (no gloves)
MR       .....                  (no boots)
Stlth    ++........             (no amulet)
Regen    0.1/turn               g - ring of poison resistance
MPRegen  0.2/turn               (no ring)

@: lethally poisoned (-2 -> -8)
A: no striking features
a: no special abilities


You were on level 2 of the Dungeon.
You were not hungry.

You visited 1 branch of the dungeon, and saw 2 of its levels.

You collected 58 gold pieces.

Inventory:

Hand Weapons
 i - a +0 dagger (weapon)
Armour
 a - a +0 robe (worn)
Jewellery
 g - a ring of poison resistance (left hand)
Scrolls
 e - 2 scrolls of identify {unknown}
 f - a scroll of remove curse {unknown}
 h - 2 scrolls of immolation {unknown}
Potions
 j - a potion of curing {unknown}
Books
 b - a book of Flames

   Spells                             Type                      Level
   a - Flame Tongue                   Conjuration/Fire             1
   b - Throw Flame                    Conjuration/Fire             2
   c - Conjure Flame                  Conjuration/Fire             3
   d - Inner Flame                    Hexes/Fire                   3
   e - Sticky Flame                   Conjuration/Fire             4
   f - Fireball                       Conjuration/Fire             5
Comestibles
 c - a bread ration
 d - 5 chunks of flesh


   Skills:
 - Level 2.4 Dodging
 - Level 2.4 Stealth
 + Level 4.0 Spellcasting
 * Level 2.9 Conjurations
 + Level 3.8 Fire Magic


You had 6 spell levels left.
You knew the following spells:

 Your Spells              Type           Power        Failure   Level  Hunger
a - Flame Tongue          Conj/Fire      ###..        3%          1    None
l - Conjure Flame         Conj/Fire      ###.....     10%         3    ###....


Dungeon Overview and Level Annotations

Branches:
Dungeon (2/15)

Altars:
The Shining One


Message History

An adder comes into view.
There is an open door here.
There are monsters nearby!
The hobgoblin shouts!
The adder hisses angrily.
Casting: Flame Tongue
Confirm with . or Enter, or press ? or * to list all spells.
Aiming: Flame Tongue
Press: ? - help, Shift-Dir - straight line, f - adder
Aim: an adder The flame tongue misses the adder.
The hobgoblin hits you with a club. The adder misses you.
The hobgoblin hits you with a club. The adder misses you. The adder bites you.
The hobgoblin hits you but does no damage.
The adder bites you.
You are lethally poisoned!
The adder poisons you!
You feel sick. The hobgoblin closely misses you. The adder closely misses you.
You feel sick. The adder bites you.
You die...

#.# #.# #.#
#.#########
#.##......#
#.##......#
#.##..$...#
#..'(.....#
####@.....#
#Sg....#
#......#
#......#
#......#
#......#
+......#
#......#


You could see an adder and a hobgoblin.

Vanquished Creatures
  A gnoll (D:1)
  An adder (D:2)
  A dart slug (D:1)
  6 leopard geckos
  3 bats
  2 goblins
  5 hobgoblins (D:1)
  2 jackals (D:1)
  3 frilled lizards
  5 kobolds (D:1)
  4 rats (D:1)
33 creatures vanquished.

Notes
Turn   | Place    | Note
-------+----------+-------------------------------------------
     0 | D:1      | Duffy the Deep Elf Fire Elementalist began the quest for the Orb.
     0 | D:1      | Reached XP level 1. HP: 10/10 MP: 6/6
    65 | D:1      | Reached XP level 2. HP: 15/15 MP: 2/8
   615 | D:1      | Found a glowing golden altar of the Shining One.
   638 | D:1      | Reached XP level 3. HP: 19/19 MP: 6/10
   878 | D:1      | Learned a level 3 spell: Conjure Flame
  1481 | D:2      | Reached skill level 4 in Spellcasting
  1574 | D:2      | Slain by an adder

Vault maps used:
D:1:      saegor_arrival_simple_e, nrook_mini_vaults, tso_metal_star
D:2:      first_bread

Skill      XL: |  1  2  3 |
---------------+----------+-----
Conjurations   | 2 |  2.9
Spellcasting   | 4 |  4.0
Dodging        | |  2.4
Stealth        | |  2.4
Fire Magic     | |  3.8

Action                   || total
-------------------------++-------
Melee: Dagger            ||     2
       Unarmed           ||     2
 Cast: Flame Tongue      ||    64
  Eat: Chunk             ||     2
Armor: Robe              ||     3
Dodge: Dodged            ||    23
